TOP OF THE 1ST |
Staten Island Yankees batting - Pitching for Vermont Lake Monsters : RHP Emanuel Andrade
|
Pitching: RHP Emanuel Andrade
|
|
Batting: RHB Norimoto Miyanishi
|
0-0: Swinging Strike 0-1: Foul Ball, location: 2F 0-2: Strikes out swinging
|
Batting: LHB Dario Segura
|
0-0: Ball 1-0: Foul Ball, location: 2F 1-1: DOUBLE (Flyball, 78XD, EV 108.1 MPH)
|
Batting: RHB Pat Pemberton
|
0-0: Called Strike 0-1: Ball Passed Ball! Dario Segura to third 1-1: Fly out, F4 (Popup, 4S, EV 78.8 MPH)
|
Batting: SHB Tadaaki Kondo
|
0-0: Foul Ball, location: 2F 0-1: Ball 1-1: Ball 2-1: SINGLE (Groundball, 56, EV 95.0 MPH) Dario Segura scores
|
Batting: LHB Mike Schermerhorn
|
0-0: Ball 1-0: Swinging Strike 1-1: Called Strike 1-2: SINGLE (Groundball, 3D, EV 106.2 MPH) Tadaaki Kondo to second Runner from 2nd tries for 3rd, SAFE, throw by RF made to third
|
Batting: SHB Adam Slade
|
0-0: Foul Ball, location: 2F 0-1: Foul Ball, location: 2F 0-2: Foul Ball, location: 2F 0-2: Fielders Choice at 2nd, 6-4 (Groundball, 4M, EV 87.5 MPH)
|
Top of the 1st over - 1 run, 3 hits, 0 errors, 2 left on base; Staten Island 1 - Vermont 0 |
BOTTOM OF THE 1ST |
Vermont Lake Monsters batting - Pitching for Staten Island Yankees : RHP Francisco Rosado
|
Pitching: RHP Francisco Rosado
|
|
Batting: RHB Josh Mauer
|
0-0: Foul Ball, location: 2F 0-1: Fly out, F7 (Flyball, 7D, EV 91.9 MPH)
|
Batting: SHB Steve Salafia
|
0-0: Ball 1-0: Ball 2-0: SINGLE (Line Drive, 7S, EV 108.1 MPH)
|
Batting: LHB Ed Talamantes
|
0-0: Ball Pickoff Throw to First - Out! 1-3 1-0: Ball 2-0: Ball 3-0: Called Strike 3-1: Called Strike 3-2: Strikes out swinging
|
Bottom of the 1st over - 0 runs, 1 hit, 0 errors, 0 left on base; Staten Island 1 - Vermont 0 |
TOP OF THE 2ND |
Staten Island Yankees batting - Pitching for Vermont Lake Monsters : RHP Emanuel Andrade
|
Batting: RHB Daniel Underhay
|
0-0: Called Strike 0-1: Called Strike 0-2: Ball 1-2: Fly out, F8 (Flyball, 78M, EV 91.9 MPH)
|
Batting: RHB Danny Ayala
|
0-0: SINGLE (Flyball, 34D, EV 85.6 MPH)
|
Batting: LHB Danny de Leon
|
0-0: Called Strike 0-1: Swinging Strike 0-2: Foul Ball, location: 2F 0-2: Foul Ball, location: 2F 0-2: Foul Ball, location: 2F 0-2: Ball 1-2: Ball 2-2: Ball 3-2: Strikes out swinging
|
Batting: RHB Norimoto Miyanishi
|
0-0: Ball 1-0: Ball 2-0: Ball 3-0: Base on Balls Danny Ayala to second
|
Batting: LHB Dario Segura
|
0-0: Ball 1-0: Ground out 4-3 (Groundball, 13, EV 85.6 MPH)
|
Top of the 2nd over - 0 runs, 1 hit, 0 errors, 2 left on base; Staten Island 1 - Vermont 0 |
BOTTOM OF THE 2ND |
Vermont Lake Monsters batting - Pitching for Staten Island Yankees : RHP Francisco Rosado
|
Batting: RHB Tetsuya Shinoda
|
0-0: SINGLE (Groundball, 6MD, EV 96.9 MPH)
|
Batting: RHB Chris Prinzing
|
0-0: Swinging Strike 0-1: Ball 1-1: Ball 2-1: DOUBLE (Flyball, 8LXD, EV 104.4 MPH) Tetsuya Shinoda to third
|
Batting: LHB Igor Ciobanu
|
0-0: Foul Ball, location: 2F 0-1: Ball 1-1: Foul Ball, location: 2F 1-2: Ball 2-2: Ball 3-2: Base on Balls
|
Batting: RHB Zachary Anderson
|
0-0: Foul Ball, location: 2F 0-1: Foul Ball, location: 2F 0-2: Foul Ball, location: 2F 0-2: Foul Ball, location: 2F 0-2: Ball 1-2: Ball 2-2: Ball 3-2: Base on Balls Tetsuya Shinoda scores Chris Prinzing to third Igor Ciobanu to second
|
Batting: SHB Mike Kirk
|
0-0: Called Strike 0-1: Swinging Strike 0-2: SINGLE (Groundball, 34D, EV 102.5 MPH) Chris Prinzing scores Igor Ciobanu to third Zachary Anderson to second Runner from 3rd tries for Home, SAFE, throw by RF to home
|
Batting: LHB Victor Ferrermena
|
0-0: Called Strike 0-1: Swinging Strike 0-2: Ball 1-2: Strikes out swinging
|
Batting: RHB Josh Mauer
|
0-0: Ball 1-0: Called Strike 1-1: Reached on error, E6 (Groundball, 56, EV 85.0 MPH) Zachary Anderson to third Mike Kirk to second
|
Batting: SHB Steve Salafia
|
0-0: Ball 1-0: Ball 2-0: Ball 3-0: Called Strike 3-1: Base on Balls Zachary Anderson scores Mike Kirk to third Josh Mauer to second
|
Batting: LHB Ed Talamantes
|
0-0: Ball 1-0: Ball 2-0: Ball 3-0: Base on Balls Mike Kirk scores Josh Mauer to third Steve Salafia to second
|
Batting: RHB Tetsuya Shinoda
|
0-0: Foul Ball, location: 2F 0-1: Foul Ball, location: 2F 0-2: Strikes out swinging
|
Batting: RHB Chris Prinzing
|
0-0: Ball 1-0: Ball 2-0: Called Strike 2-1: Foul Ball, location: 2F 2-2: Foul Ball, location: 2F 2-2: Ground out 5-3 (Groundball, 56S, EV 90.0 MPH)
|
Bottom of the 2nd over - 5 runs, 3 hits, 1 error, 3 left on base; Staten Island 1 - Vermont 5 |
TOP OF THE 3RD |
Staten Island Yankees batting - Pitching for Vermont Lake Monsters : RHP Emanuel Andrade
|
Batting: RHB Pat Pemberton
|
0-0: Swinging Strike 0-1: Called Strike 0-2: Ball 1-2: Strikes out looking
|
Batting: SHB Tadaaki Kondo
|
0-0: Ball 1-0: Ball 2-0: Ground out 6-3 (Groundball, 4, EV 83.8 MPH)
|
Batting: LHB Mike Schermerhorn
|
0-0: Foul Ball, location: 2F 0-1: Called Strike 0-2: Ball 1-2: Strikes out swinging
|
Top of the 3rd over - 0 runs, 0 hits, 0 errors, 0 left on base; Staten Island 1 - Vermont 5 |
BOTTOM OF THE 3RD |
Vermont Lake Monsters batting - Pitching for Staten Island Yankees : RHP Francisco Rosado
|
Batting: LHB Igor Ciobanu
|
0-0: Ball 1-0: Foul Ball, location: 2F 1-1: Foul Ball, location: 2F 1-2: Ball 2-2: Ball 3-2: DOUBLE (Flyball, 8RXD, EV 95.6 MPH) - OUT at third base trying to stretch hit.
|
Batting: RHB Zachary Anderson
|
0-0: Ground out 6-3 (Groundball, P, EV 86.9 MPH)
|
Batting: SHB Mike Kirk
|
0-0: Ball 1-0: Ball 2-0: Ball 3-0: Called Strike 3-1: Called Strike 3-2: Base on Balls
|
Batting: LHB Victor Ferrermena
|
0-0: Called Strike 0-1: DOUBLE (Flyball, 8RXD, EV 85.6 MPH) Mike Kirk to third Runner from 3rd tries for Home, SAFE, throw by CF to trailing runner, SAFE at third!
|
Pitching: LHP Colin Scott
|
|
Batting: RHB Josh Mauer
|
0-0: Ball 1-0: Swinging Strike 1-1: Ball 2-1: Called Strike 2-2: Strikes out looking
|
Bottom of the 3rd over - 1 run, 2 hits, 0 errors, 1 left on base; Staten Island 1 - Vermont 6 |
TOP OF THE 4TH |
Staten Island Yankees batting - Pitching for Vermont Lake Monsters : RHP Emanuel Andrade
|
Batting: SHB Adam Slade
|
0-0: Called Strike 0-1: Foul Ball, location: 2F 0-2: Ball 1-2: Strikes out swinging
|
Batting: RHB Daniel Underhay
|
0-0: Swinging Strike 0-1: DOUBLE (Line Drive, 89D, EV 113.1 MPH)
|
Batting: RHB Danny Ayala
|
0-0: Called Strike 0-1: Swinging Strike 0-2: Foul Ball, location: 2F 0-2: Ball 1-2: Strikes out swinging
|
Batting: LHB Danny de Leon
|
0-0: Called Strike 0-1: Foul Ball, location: 2F 0-2: Foul Ball, location: 2F 0-2: Ball 1-2: Ball 2-2: Ball 3-2: Foul Ball, location: 2F 3-2: Base on Balls
|
Batting: RHB Norimoto Miyanishi
|
0-0: Fielders Choice at 2nd, 5-4 (Groundball, 56, EV 78.1 MPH)
|
Top of the 4th over - 0 runs, 1 hit, 0 errors, 2 left on base; Staten Island 1 - Vermont 6 |
BOTTOM OF THE 4TH |
Vermont Lake Monsters batting - Pitching for Staten Island Yankees : LHP Colin Scott
|
Batting: SHB Steve Salafia
|
0-0: Called Strike 0-1: DOUBLE (Line Drive, 78D, EV 110.0 MPH)
|
Batting: LHB Ed Talamantes
|
0-0: Called Strike 0-1: Fly out, F9 (Flyball, 9LSF, EV 85.6 MPH)
|
Batting: RHB Tetsuya Shinoda
|
0-0: 2-RUN HOME RUN (Flyball, 8LXD, EV 113.8 MPH), Distance : 429 ft
|
Batting: RHB Chris Prinzing
|
0-0: Called Strike 0-1: Foul Ball, location: 2F 0-2: Ball 1-2: Ground out 5-3 (Groundball, 5, EV 99.4 MPH)
|
Batting: LHB Igor Ciobanu
|
0-0: Ball 1-0: Swinging Strike 1-1: Ball 2-1: Foul Ball, location: 2F 2-2: Foul Ball, location: 2F 2-2: Strikes out swinging
|
Bottom of the 4th over - 2 runs, 2 hits, 0 errors, 0 left on base; Staten Island 1 - Vermont 8 |
TOP OF THE 5TH |
Staten Island Yankees batting - Pitching for Vermont Lake Monsters : RHP Emanuel Andrade
|
Batting: LHB Dario Segura
|
0-0: Ball 1-0: Ball 2-0: Called Strike 2-1: Swinging Strike 2-2: Strikes out looking
|
Batting: RHB Pat Pemberton
|
0-0: Called Strike 0-1: Swinging Strike 0-2: Ball 1-2: Ball 2-2: Ball 3-2: Base on Balls
|
Batting: SHB Tadaaki Kondo
|
0-0: Foul Ball, location: 2F 0-1: Foul Ball, location: 2F 0-2: Ball 1-2: Ball 2-2: Fielders Choice at 2nd, 5-6 (Groundball, 56, EV 86.2 MPH)
|
Batting: LHB Mike Schermerhorn
|
0-0: Called Strike 0-1: SINGLE (Line Drive, 6MD, EV 98.1 MPH) Tadaaki Kondo to second
|
Batting: SHB Adam Slade
|
0-0: Called Strike 0-1: Ball 1-1: Ball 2-1: Ball 3-1: SINGLE (Groundball, 6D, EV 105.6 MPH) Tadaaki Kondo to third Mike Schermerhorn to second
|
Batting: RHB Daniel Underhay
|
0-0: Called Strike 0-1: Fielders Choice at 2nd, 6-4 (Groundball, 6, EV 91.2 MPH)
|
Top of the 5th over - 0 runs, 2 hits, 0 errors, 3 left on base; Staten Island 1 - Vermont 8 |
BOTTOM OF THE 5TH |
Vermont Lake Monsters batting - Pitching for Staten Island Yankees : LHP Colin Scott
|
Pitching: RHP Nick Peters
|
|
Batting: RHB Zachary Anderson
|
0-0: Swinging Strike 0-1: Swinging Strike 0-2: Strikes out swinging
|
Batting: SHB Mike Kirk
|
0-0: Ball 1-0: Ball 2-0: Ball 3-0: Called Strike 3-1: Ground out 4-3 (Groundball, 4S, EV 82.5 MPH)
|
Batting: LHB Victor Ferrermena
|
0-0: Foul Ball, location: 2F 0-1: Ball 1-1: Ball 2-1: Called Strike 2-2: Ball 3-2: Base on Balls
|
Batting: RHB Josh Mauer
|
0-0: Ball 1-0: Called Strike 1-1: Foul Ball, location: 2F 1-2: Foul Ball, location: 2F 1-2: Ball 2-2: Fly out, F9 (Flyball, 89M, EV 93.8 MPH)
|
Bottom of the 5th over - 0 runs, 0 hits, 0 errors, 1 left on base; Staten Island 1 - Vermont 8 |
TOP OF THE 6TH |
Staten Island Yankees batting - Pitching for Vermont Lake Monsters : RHP Emanuel Andrade
|
Pitching: RHP Isaiah Felton
|
|
Batting: RHB Danny Ayala
|
0-0: Called Strike 0-1: Foul Ball, location: 2F 0-2: Ball 1-2: Foul Ball, location: 2F 1-2: Ground out 6-3 (Groundball, 6, EV 104.4 MPH)
|
Batting: LHB Danny de Leon
|
0-0: Ball 1-0: Called Strike 1-1: Swinging Strike 1-2: Strikes out swinging
|
Batting: RHB Norimoto Miyanishi
|
0-0: Called Strike 0-1: Foul Ball, location: 2F 0-2: Strikes out swinging
|
Top of the 6th over - 0 runs, 0 hits, 0 errors, 0 left on base; Staten Island 1 - Vermont 8 |
BOTTOM OF THE 6TH |
Vermont Lake Monsters batting - Pitching for Staten Island Yankees : RHP Nick Peters
|
Pitching: RHP Nate LaCava
|
|
Batting: SHB Steve Salafia
|
0-0: Ball 1-0: Ball 2-0: Foul Ball, location: 2F 2-1: Ball 3-1: Foul Ball, location: 2F 3-2: SINGLE (Groundball, 6MD, EV 98.8 MPH)
|
Batting: LHB Ed Talamantes
|
0-0: SINGLE (Line Drive, 6D, EV 95.6 MPH) Steve Salafia to second
|
Batting: RHB Tetsuya Shinoda
|
0-0: Ball 1-0: Ball Wild Pitch! Steve Salafia to third Ed Talamantes to second 2-0: Ball 3-0: Base on Balls
|
Batting: RHB Chris Prinzing
|
0-0: Called Strike 0-1: Ball 1-1: Ball 2-1: Swinging Strike 2-2: Strikes out swinging
|
Batting: LHB Igor Ciobanu
|
0-0: Ball 1-0: GRAND SLAM HOME RUN (Flyball, 89XD, EV 108.1 MPH), Distance : 409 ft
|
Pitching: RHP Edite Leoni
|
|
Batting: RHB Zachary Anderson
|
0-0: Ball 1-0: DOUBLE (Line Drive, 9LS, EV 100.6 MPH)
|
Batting: SHB Mike Kirk
|
0-0: Ground out 1-3 (Groundball, 13, EV 76.2 MPH) Zachary Anderson to third
|
Batting: LHB Victor Ferrermena
|
0-0: Foul Ball, location: 2F 0-1: Foul Ball, location: 2F 0-2: Strikes out swinging
|
Bottom of the 6th over - 4 runs, 4 hits, 0 errors, 1 left on base; Staten Island 1 - Vermont 12 |
TOP OF THE 7TH |
Staten Island Yankees batting - Pitching for Vermont Lake Monsters : RHP Isaiah Felton
|
Batting: LHB Dario Segura
|
0-0: Swinging Strike 0-1: Ground out 4-3 (Groundball, 4, EV 108.8 MPH)
|
Batting: RHB Pat Pemberton
|
0-0: Hit by Pitch
|
Batting: SHB Tadaaki Kondo
|
0-0: Foul Ball, location: 2F 0-1: Ball 1-1: Swinging Strike 1-2: Strikes out swinging
|
Batting: LHB Mike Schermerhorn
|
0-0: Called Strike 0-1: Foul Ball, location: 2F 0-2: Ball 1-2: Strikes out looking
|
Top of the 7th over - 0 runs, 0 hits, 0 errors, 1 left on base; Staten Island 1 - Vermont 12 |
BOTTOM OF THE 7TH |
Vermont Lake Monsters batting - Pitching for Staten Island Yankees : RHP Edite Leoni
|
Batting: RHB Josh Mauer
|
0-0: Ball 1-0: Foul Ball, location: 2F 1-1: Foul Ball, location: 2F 1-2: SINGLE (Groundball, 6S, EV 76.9 MPH) (infield hit)
|
Batting: SHB Steve Salafia
|
0-0: Ball Wild Pitch! Josh Mauer to second 1-0: Ball 2-0: Ground out U3 (Groundball, 34, EV 76.9 MPH) Josh Mauer to third
|
Batting: LHB Ed Talamantes
|
0-0: Ball 1-0: Ball Wild Pitch! Josh Mauer scores 2-0: Foul Ball, location: 2F 2-1: Foul Ball, location: 2F 2-2: Ball 3-2: Foul Ball, location: 2F 3-2: Foul Ball, location: 2F 3-2: Foul Ball, location: 2F 3-2: Base on Balls
|
Batting: RHB Tetsuya Shinoda
|
0-0: Fly out, F8 (Flyball, 89XD, EV 93.8 MPH)
|
Batting: RHB Chris Prinzing
|
0-0: Ball 1-0: Ball Wild Pitch! Ed Talamantes to second 2-0: Ball 3-0: Called Strike 3-1: Base on Balls
|
Batting: LHB Igor Ciobanu
|
0-0: Foul Ball, location: 2F 0-1: Ball 1-1: Fly out, F8 (Flyball, 8LD, EV 101.2 MPH)
|
Bottom of the 7th over - 1 run, 1 hit, 0 errors, 2 left on base; Staten Island 1 - Vermont 13 |
TOP OF THE 8TH |
Staten Island Yankees batting - Pitching for Vermont Lake Monsters : RHP Isaiah Felton
|
Batting: SHB Adam Slade
|
0-0: Foul Ball, location: 2F 0-1: Ball 1-1: Ball 2-1: Foul Ball, location: 2F 2-2: Ball 3-2: Strikes out swinging
|
Batting: RHB Daniel Underhay
|
0-0: Ground out 6-3 (Groundball, 56, EV 98.1 MPH)
|
Batting: RHB Danny Ayala
|
0-0: Called Strike 0-1: Foul Ball, location: 2F 0-2: Foul Ball, location: 2F 0-2: Ball 1-2: Ball 2-2: Foul Ball, location: 2F 2-2: Foul Ball, location: 2F 2-2: Strikes out swinging
|
Top of the 8th over - 0 runs, 0 hits, 0 errors, 0 left on base; Staten Island 1 - Vermont 13 |
BOTTOM OF THE 8TH |
Vermont Lake Monsters batting - Pitching for Staten Island Yankees : RHP Edite Leoni
|
Batting: RHB Zachary Anderson
|
0-0: Ball 1-0: Ball 2-0: Foul Ball, location: 2F 2-1: Foul Ball, location: 2F 2-2: SINGLE (Line Drive, 56D, EV 104.4 MPH)
|
Batting: SHB Mike Kirk
|
Balk! Zachary Anderson to second 0-0: SINGLE (Line Drive, 3D, EV 98.1 MPH) Zachary Anderson to third Runner from 3rd tries for Home, throw by RF and OUT! 9-2
|
Batting: LHB Victor Ferrermena
|
0-0: Foul Ball, location: 2F 0-1: Ball Wild Pitch! Mike Kirk to second 1-1: Called Strike 1-2: Strikes out swinging
|
Pitching: RHP Alex Blanco
|
|
Batting: RHB Josh Mauer
|
0-0: Ball 1-0: Called Strike 1-1: Foul Ball, location: 2F 1-2: Strikes out looking
|
Bottom of the 8th over - 0 runs, 2 hits, 0 errors, 1 left on base; Staten Island 1 - Vermont 13 |
TOP OF THE 9TH |
Staten Island Yankees batting - Pitching for Vermont Lake Monsters : RHP Isaiah Felton
|
Batting: LHB Danny de Leon
|
0-0: Ball 1-0: Called Strike 1-1: SINGLE (Line Drive, 9S, EV 92.5 MPH)
|
Pitching: RHP Igoryok Wolgaevsky
|
|
Batting: RHB Norimoto Miyanishi
|
0-0: Grounds into double play, 1-6-3 (Groundball, 13, EV 66.9 MPH)
|
Batting: LHB Dario Segura
|
0-0: Ball 1-0: Called Strike 1-1: Called Strike 1-2: Ball 2-2: Strikes out swinging
|
Top of the 9th over - 0 runs, 1 hit, 0 errors, 0 left on base; Staten Island 1 - Vermont 13 |
|